 Dungeon Crawl Stone Soup version 0.29-a0-8-g0446c0dae4 (console) character file.

Game seed: 7731138407567369324

14 Melian the Skirmisher (level 2, 0/27 HPs)
             Began as a Minotaur Berserker on Jan 27, 2022.
             Was a Follower of Trog.
             Succumbed to a kobold's poison
             ... on level 1 of the Dungeon.
             The game lasted 00:01:47 (997 turns).

Melian the Skirmisher (Minotaur Berserker)           Turns: 997, Time: 00:01:48

Health: 0/27       AC: 10    Str: 21    XL:     2   Next: 31%
Magic:  1/1        EV:  8    Int:  4    God:    Trog [*.....]
Gold:   13         SH:  0    Dex:  9    Spells: 1/1 levels left

rFire   . . .      SeeInvis .   a - +0 hand axe
rCold   . . .      Faith    .   (no shield)
rNeg    . . .      Spirit   .   g - +0 chain mail
rPois   .          Reflect  .   (helmet restricted)
rElec   .          Harm     .   (no cloak)
rCorr   .          Rampage  .   (no gloves)
Will    .....                   f - +0 pair of boots
Stlth   ..........              (no amulet)
HPRegen 0.09/turn               (no ring)
MPRegen 0.07/turn               (no ring)

@: lethally poisoned (0 -> -12)
A: horns 2, retaliatory headbutt
a: Renounce Religion, Berserk


You were on level 1 of the Dungeon.
You worshipped Trog.
Trog was aware of your devotion.
You visited 1 branch of the dungeon, and saw 1 of its levels.

You collected 13 gold pieces.

Inventory:

Hand Weapons
 a - a +0 hand axe (weapon)
Armour
 f - a +0 pair of boots (worn)
 g - a +0 chain mail (worn)
Scrolls
 c - 5 scrolls of teleportation {unknown}
 d - a scroll of magic mapping {unknown}
Potions
 e - a potion of mutation {unknown}


   Skills:
 + Level 3.9 Fighting
 + Level 3.9 Axes
 + Level 2.7 Armour
 + Level 2.5 Dodging


You had one spell level left.
You didn't know any spells.
Your spell library was empty.

Dungeon Overview and Level Annotations

Branches:
Dungeon (1/15)

Altars:

Shops:
D:1 (


Innate Abilities, Weirdness & Mutations

You have a pair of horns on your head.
You reflexively headbutt those who attack you in melee.


Message History

The kobold hits you but does no damage.
You closely miss the kobold. You headbutt the kobold.
You kill the kobold!
Trog accepts your kill.
A quokka comes into view.
Things that are here:
a +0 short sword; a kobold corpse The kobold hits you but does no damage.
You are poisoned.
You barely miss the kobold.
You feel very sick. The kobold hits you but does no damage.
The kobold closely misses you.
You barely miss the kobold.
You feel sick.
The quokka bites you but does no damage.
The kobold barely misses you.
You hit the kobold but do no damage. You hit the quokka.
You feel sick. The quokka barely misses you. The kobold completely misses you.
You hit the kobold.
The kobold is moderately wounded.
You hit the quokka.
You kill the quokka!
Trog accepts your kill.
You feel sick.
The kobold hits you with a +0 short sword of venom.
You are more poisoned.
You miss the kobold. Your punch misses the kobold.
The kobold is moderately wounded.
You feel very sick. The kobold hits you but does no damage.
You are lethally poisoned!
You hit the kobold.
You kill the kobold!
Trog accepts your kill.
* * * LOW HITPOINT WARNING * * *
You feel very sick.
* * * LOW HITPOINT WARNING * * *
You feel very sick.
You see here a +0 short sword of venom.
* * * LOW HITPOINT WARNING * * *
You feel very sick.
You die...

#. #. .#####.
#.#... .....#.
#.#..# .......
.....# #####...
##.#.. ........
....#### #.......
#...##.#########..
#...##......).....
#@..##..##.......#
#...##..##.#######
#)..##..##.#
##.......##.#######
+..................
###.....###.#######
#.###.# #.#......
##'##### #.#.#####
#.....# #.#.# #
######### #.....#
#.#.# # #.......#
#.....# ##.#.#####


There were no monsters in sight!

Vanquished Creatures
  An endoplasm (D:1)
  A goblin (D:1)
  A hobgoblin (D:1)
  A quokka (D:1)
  2 ball pythons (D:1)
  A frilled lizard (D:1)
  6 kobolds (D:1)
  A rat (D:1)
14 creatures vanquished.

Notes
Turn   | Place    | Note
-------+----------+-------------------------------------------
     0 | D:1      | Melian the Minotaur Berserker began the quest for the Orb.
     0 | D:1      | Reached XP level 1. HP: 19/19 MP: 0/0
   531 | D:1      | Found Ecwaist's Weapon Boutique.
   541 | D:1      | Reached XP level 2. HP: 27/27 MP: 1/1
   997 | D:1      | Succumbed to a kobold's poison

Illustrated notes

Levels and vault maps discovered:
D:1:      shiori_shiawase, layout_basic, serial_shops, shop_fountains,
          minmay_surrounded

Action                   || total
-------------------------++-------
Melee: Hand axe          ||    32
       Headbutt          ||     3
Armor: Animal skin       ||     1
       Chain mail        ||     5
Dodge: Dodged            ||    17

Table legend: (Time is in decaauts)
 A = Elapsed time spent in this place.
 B = Non-inter-level travel time spent in this place.
 C = Inter-level travel time spent in this place.
 D = Time resting spent in this place.
 E = Time spent auto-exploring this place.
 F = Levels seen in this place.
 G = Mean time per level.
                   A        B        C        D        E       F      G
               +--------+--------+--------+--------+--------+-----+--------+
         Total |   1000 |    967 |     33 |      0 |    821 |   1 | 1000.0 |
       Dungeon |   1000 |    967 |     33 |      0 |    821 |   1 | 1000.0 |
               +--------+--------+--------+--------+--------+-----+--------+

Top non-repeatable levels by time:
     D:1: 1000 daAuts
